[Event "*** Qualifier 4: Titled Tuesday 3|2 Blitz"]
[Site "Chess.com"]
[Date "2017.04.25"]
[Round "5"]
[White "MasterLeif"]
[Black "TheCount"]
[Result "1-0"]
[WhiteElo "2306"]
[BlackElo "2448"]
[TimeControl "180+2"]
[EndTime "14:01:16 PDT"]
[Termination "MasterLeif won by resignation"]

1. e4 c5 2. Nf3 Nc6 3. d4 cxd4 4. Nxd4 Qb6 5. Nb3 Nf6 6. Bd3 e6 7. Be3 Qc7 8. Nc3 a6 9. f4 d6 10. Qf3 Be7 11. O-O-O O-O 12. Kb1 b5 13. e5 dxe5 14. fxe5 Nd7 15. Bf4 Bb7 16. Qg3 Ndxe5 17. Rhe1 f6 18.
Qh3 f5 19. g4 Bd6 20. gxf5 Nxd3 21. Bxd6 Qxd6 22. Rxd3 Qf4 23. fxe6 Ne5 24. e7 Rfe8 25.
Qe6+ Nf7 26. Nd5 Bc8 27. Nxf4 1-0

[Event "*** Qualifier 4: Titled Tuesday 3|2 Blitz"]
[Site "Chess.com"]
[Date "2017.04.25"]
[Round "5"]
[White "kreonx"]
[Black "grzechu96"]
[Result "1-0"]
[WhiteElo "2225"]
[BlackElo "2376"]
[TimeControl "180+2"]
[EndTime "14:01:23 PDT"]
[Termination "kreonx won by resignation"]

1. e4 c5 2. Nc3 a6 3. g3 b5 4. Bg2 Bb7 5. d3 e6 6. Nge2 d5 7. exd5 exd5 8. d4 Nf6 9. O-O Be7 10.
dxc5 Bxc5 11. Nd4 O-O 12. Nce2 Ne4 13. Be3 Nd7 14. c3 Ndf6 15. Nf5 Bxe3 16. Nxe3 Rc8 17. Nf4 Qd6 18. Qd4 Rfd8 19. Rad1 Qc7 20. Bh3 Rb8 21.
Bg2 a5 22. a3 Ba8 23. Rfe1 h6 24. Nd3 Qc8 25. Qa7 d4 26. cxd4 Rd7 27. Qxa5 Rxd4 28. Nb4 Rxd1 29. Rxd1 h5 30. Na6 1-0

[Event "*** Qualifier 4: Titled Tuesday 3|2 Blitz"]
[Site "Chess.com"]
[Date "2017.04.25"]
[Round "5"]
[White "hansen"]
[Black "Elshan1985"]
[Result "1/2-1/2"]
[WhiteElo "2651"]
[BlackElo "2507"]
[TimeControl "180+2"]
[EndTime "14:01:26 PDT"]
[Termination "Game drawn by agreement"]

1. e4 e5 2. Nf3 Nc6 3. Bb5 a6 4.
Ba4 Nf6 5. O-O Be7 6. Re1 b5 7. Bb3 O-O 8. h3 d6 9. c3 Na5 10. Bc2 c5 11. d4 Nd7 12. d5 c4 13.
Nbd2 Nb7 14. Nf1 Nbc5 15. Ng3 g6 16. Bh6 Re8 17. b4 cxb3 18. axb3 Nf6 19. Qd2 Bf8 20. Bxf8 Rxf8 21. Qh6 Re8 22. Ng5 Qe7 23. Ra2 Qf8 24.
Qxf8+ Kxf8 25. Rea1 Bb7 26. Nf3 Rec8 27. Nd2 Ncd7 28.
c4 Nb6 29. cxb5 axb5 30. Rxa8 Rxa8 31. Rxa8+ Nxa8 32. b4 Nc7 33. Bd3 Na6 34. Bxb5 Nxb4 35. f3 Ba6 36. Bxa6 Nxa6 1/2-1/2

[Event "*** Qualifier 4: Titled Tuesday 3|2 Blitz"]
[Site "Chess.com"]
[Date "2017.04.25"]
[Round "5"]
[White "johnathan113"]
[Black "ChristopherYoo"]
[Result "0-1"]
[WhiteElo "2446"]
[BlackElo "2299"]
[TimeControl "180+2"]
[EndTime "14:01:38 PDT"]
[Termination "ChristopherYoo won by resignation"]

1. d4 Nf6 2. Nc3 d5 3. Bf4 g6 4. Qd2 Bg7 5. Bh6 O-O 6. Nf3 c5 7. Bxg7 Kxg7 8. O-O-O c4 9. Ne5 b5 10. Nxb5 Qb6 11. Nc3 Na6 12. e4 Rb8 13. b3 Qa5 14.
Kb2 Nb4 15. a3 Nxc2 16. Kxc2 Qxa3 17. Rb1 cxb3+ 18. Kd1 b2 19. exd5 Bf5 20. Bd3 Rfc8 21. Nc6 Bxd3 22. Qxd3 Nxd5 23. Nxb8 Nxc3+ 24. Ke1 Nxb1 25.
Qd2 Nxd2 0-1

[Event "*** Qualifier 4: Titled Tuesday 3|2 Blitz"]
[Site "Chess.com"]
[Date "2017.04.25"]
[Round "5"]
[White "DanielNaroditsky"]
[Black "Malev212"]
[Result "0-1"]
[WhiteElo "2685"]
[BlackElo "2463"]
[TimeControl "180+2"]
[EndTime "14:01:45 PDT"]
[Termination "Malev212 won by resignation"]

1. e4 g6 2. d4 Bg7 3. Nc3 c6 4. f4 d5 5. e5 Nh6 6. Nf3 f6 7. Bd3 Bg4 8. h3 Bxf3 9. Qxf3 O-O 10. Qe2 fxe5 11. fxe5 Qb6 12. Be3 Qxb2 13. Kd2 Qb6 14. g4 Nd7 15. h4 Nxe5 16. dxe5 d4 17. Bc4+ Kh8 18. Bxh6 Bxh6+ 19. g5 dxc3+ 20. Kxc3 Rf2 21. Qe4 Raf8 22. gxh6 R8f4 23. Rad1 Rxe4 24. Rd8+ Qxd8 0-1

[Event "*** Qualifier 4: Titled Tuesday 3|2 Blitz"]
[Site "Chess.com"]
[Date "2017.04.25"]
[Round "5"]
[White "aa175"]
[Black "aRk_iN"]
[Result "0-1"]
[WhiteElo "1808"]
[BlackElo "2096"]
[TimeControl "180+2"]
[EndTime "14:01:53 PDT"]
[Termination "aRk_iN won by checkmate"]

1. e4 c5 2. Nf3 e6 3. Nc3 Nc6 4.
Bb5 Qc7 5. Bxc6 Qxc6 6. d4 cxd4 7. Nxd4 Qb6 8. Be3 a6 9. O-O Qxb2 10. Qd3 Qa3 11.
Rfb1 Nf6 12. Rb3 Qd6 13. f4 Ng4 14. e5 Qc7 15. Rd1 Bc5 16. Nxe6 dxe6 17. Bd4 O-O 18. Bxc5 Qxc5+ 19. Kf1 Qf2# 0-1

[Event "*** Qualifier 4: Titled Tuesday 3|2 Blitz"]
[Site "Chess.com"]
[Date "2017.04.25"]
[Round "5"]
[White "TenisMaster"]
[Black "tihanaivekovic223"]
[Result "1-0"]
[WhiteElo "2673"]
[BlackElo "2014"]
[TimeControl "180+2"]
[EndTime "14:01:57 PDT"]
[Termination "TenisMaster won by checkmate"]

1. e4 c6 2. d4 d5 3. e5 Bf5 4. Nf3 e6 5. Be2 c5 6. Be3 cxd4 7. Nxd4 Ne7 8. Nd2 Nbc6 9. N2f3 Bg4 10. O-O Ng6 11. c4 Be7 12. Qa4 Qd7 13. cxd5 exd5 14. Bb5 Rc8 15. Rac1 O-O 16. Nxc6 bxc6 17. Bxc6 Qf5 18. Bxd5 Bxf3 19. Bxf3 Nxe5 20. Be4 Qe6 21. Bf4 Nc4 22. Bb7 Rc5 23. b3 Nb2 24. Qe4 Rxc1 25. Rxc1 Qxe4 26. Bxe4 Ba3 27. Rc7 Re8 28.
f3 g6 29. h4 f5 30. Bd5+ Kh8 31. Bf7 Rd8 32. Be5# 1-0

[Event "*** Qualifier 4: Titled Tuesday 3|2 Blitz"]
[Site "Chess.com"]
[Date "2017.04.25"]
[Round "5"]
[White "Indianlad"]
[Black "rasmussvane"]
[Result "1-0"]
[WhiteElo "2701"]
[BlackElo "2525"]
[TimeControl "180+2"]
[EndTime "14:01:58 PDT"]
[Termination "Indianlad won by resignation"]

1. e4 e6 2. d3 d5 3. Qe2 Nc6 4. Nf3 e5 5. c3 Nf6 6. Qc2 Bd6 7. Be2 O-O 8. O-O a5 9. a4 h6 10. Rd1 Qe7 11. Na3 Rd8 12. Nb5 Bc5 13. h3 Bb6 14. b3 Be6 15. Ba3 Qe8 16. Bf1 dxe4 17. dxe4 Rxd1 18. Rxd1 Rd8 19. Rxd8 Qxd8 20. c4 Nd4 21. Nfxd4 Bxd4 22. c5 c6 23. Nd6 Qd7 24.
Bc4 Bxc4 25. Qxc4 Nh5 26. b4 Nf4 27. Bc1 Ne6 28. Bd2 axb4 29. Bxb4 g6 30. Ba3 Kg7 31. Qc2 h5 32. h4 Nf4 33. Bc1 Ne6 34. Ba3 Qc7 35.
Ne8+ 1-0

[Event "*** Qualifier 4: Titled Tuesday 3|2 Blitz"]
[Site "Chess.com"]
[Date "2017.04.25"]
[Round "5"]
[White "L3on4rdo"]
[Black "Rating-Schmating"]
[Result "1-0"]
[WhiteElo "2386"]
[BlackElo "2214"]
[TimeControl "180+2"]
[EndTime "14:02:01 PDT"]
[Termination "L3on4rdo won by checkmate"]

1. Nf3 Nf6 2. g3 b6 3. Bg2 Bb7 4. d3 c5 5. e4 d6 6. O-O e6 7.
Nh4 Nbd7 8. f4 Be7 9. f5 Qc7 10. fxe6 fxe6 11. Bh3 Nf8 12. a4 a6 13. Nd2 Bc8 14. Nc4 Bd7 15. a5 b5 16. Nb6 Rb8 17. Nxd7 Qxd7 18. Bf4 h6 19. e5 Nd5 20. Qh5+ Kd8 21.
exd6 Bxd6 22. Bxd6 Qxd6 23. Rae1 Kd7 24. Rf7+ Kc6 25.
Bg2 g5 26. Nf3 Nd7 27. c4 bxc4 28. dxc4 N5f6 29. Ne5+ Kc7 30. Qf3 Rhf8 31. Qxf6 Rxf7 32. Qxf7 Rxb2 33. Qxd7+ Qxd7 34. Nxd7 Kxd7 35. Bh3 Ra2 36. Bxe6+ Kd6 37. Bd5 Rxa5 38. Re6+ Kd7 39. Rxh6 Ra2 40.
h4 gxh4 41. gxh4 a5 42. Ra6 a4 43. h5 Ke7 44. h6 Ra1+ 45. Kg2 Ra2+ 46. Kg3 Ra3+ 47. Kg4 Kf8 48. Ra8+ Ke7 49. h7 Ra1 50. h8=Q Rg1+ 51. Kf5 Rf1+ 52. Ke5 Re1+ 53. Be4 a3 54.
Ra7# 1-0

[Event "*** Qualifier 4: Titled Tuesday 3|2 Blitz"]
[Site "Chess.com"]
[Date "2017.04.25"]
[Round "5"]
[White "Oneofmyturns"]
[Black "asms9699"]
[Result "1-0"]
[WhiteElo "2513"]
[BlackElo "2429"]
[TimeControl "180+2"]
[EndTime "14:02:09 PDT"]
[Termination "Oneofmyturns won by resignation"]

1. d4 d5 2. c4 c6 3. Nf3 Nf6 4. e3 a6 5. Nc3 g6 6. b3 Bg7 7. h3 O-O 8. Be2 c5 9. Bb2 Nc6 10.
dxc5 dxc4 11. Qxd8 Rxd8 12. Bxc4 Nd7 13. Ng5 Nce5 14.
O-O-O Nxc4 15. bxc4 e6 16. Na4 Bxb2+ 17. Kxb2 Re8 18. Ne4 Kf8 19. Rd6 Ne5 20. Kc3 Bd7 21. Nb6 Bc6 22. Nf6 Bxg2 23. Rg1 Bc6 24. Nxe8 Rxe8 25.
f4 Nf3 26. Rf1 Ke7 27. Rxc6 bxc6 28. Rxf3 f5 29. Rf2 Rd8 30. Rd2 Rxd2 31. Kxd2 h6 32. h4 Kf6 33. Nd7+ Kg7 34. Ne5 Kf6 35. Nxc6 g5 36.
hxg5+ hxg5 37. fxg5+ 1-0

[Event "*** Qualifier 4: Titled Tuesday 3|2 Blitz"]
[Site "Chess.com"]
[Date "2017.04.25"]
[Round "5"]
[White "DariuszMikrut"]
[Black "igorkovalenko"]
[Result "0-1"]
[WhiteElo "2403"]
[BlackElo "2645"]
[TimeControl "180+2"]
[EndTime "14:02:15 PDT"]
[Termination "igorkovalenko won by resignation"]

1. d4 Nf6 2. c4 e6 3. Nf3 b6 4. a3 Bb7 5. Nc3 d5 6. cxd5 Nxd5 7. e3 Nxc3 8. bxc3 Be7 9. Bb5+ c6 10.
Bd3 Qc7 11. e4 c5 12. O-O O-O 13. Bb2 Rd8 14. Qe2 h6 15. Rad1 Nd7 16. Rfe1 Nf6 17. e5 Nd7 18. Nd2 Nf8 19. Qg4 Rac8 20. Ne4 Kh8 21. h4 b5 22. Ng3 b4 23. axb4 cxd4 24.
cxd4 Bxb4 25. Re3 Qe7 26. Nh5 g6 27. Qf4 Nh7 28. Nf6 Nxf6 29. exf6 Qf8 30. h5 g5 31. Qg4 Bd6 32. Bb1 Bd5 33. Qe2 a5 34. Qd3 Qg8 35. Ba3 Rb8 36. Bxd6 Rxd6 37. Qa3 Rdb6 38. Qe7 Rxb1 39.
Rxb1 Rxb1+ 40. Kh2 Rb7 41. Qd6 Qb8 0-1

[Event "*** Qualifier 4: Titled Tuesday 3|2 Blitz"]
[Site "Chess.com"]
[Date "2017.04.25"]
[Round "5"]
[White "Noukii"]
[Black "swayamsm"]
[Result "1-0"]
[WhiteElo "2625"]
[BlackElo "2407"]
[TimeControl "180+2"]
[EndTime "14:02:26 PDT"]
[Termination "Noukii won by resignation"]

1. d4 Nf6 2. Nf3 e6 3. Bg5 d5 4. e3 c5 5. Nbd2 h6 6. Bh4 Nc6 7. c3 Qb6 8. Qb3 g5 9. Qxb6 axb6 10. Bg3 c4 11. a3 b5 12. Rc1 Nh5 13. Be2 Nxg3 14. hxg3 g4 15. Nh4 f5 16. Ng6 Rh7 17. f3 gxf3 18. gxf3 Bd6 19. f4 Kf7 20. Ne5+ Bxe5 21.
dxe5 Bd7 22. Kf2 Kg7 23. Rcg1 Ne7 24. Nf3 Rg8 25. Nd4 Kf8 26. g4 fxg4 27. Bxg4 Kf7 28. Kf3 Rgg7 29. Rh4 Nf5 30. Bxf5 exf5 31. e6+ Bxe6 32.
Rxg7+ Rxg7 33. Rxh6 Bd7 34. Rb6 Rg1 35. Rxb7 Ke8 36.
Nxb5 Bc6 37. Rb8+ Ke7 38. Nd4 Be8 39. Nxf5+ Kf8 40. Nd6 1-0

[Event "*** Qualifier 4: Titled Tuesday 3|2 Blitz"]
[Site "Chess.com"]
[Date "2017.04.25"]
[Round "5"]
[White "stepanosinovsky"]
[Black "silverback96"]
[Result "0-1"]
[WhiteElo "2265"]
[BlackElo "2053"]
[TimeControl "180+2"]
[EndTime "14:02:27 PDT"]
[Termination "silverback96 won by resignation"]

1. e4 e6 2. d4 d5 3. Nc3 Bb4 4.
e5 c5 5. a3 Bxc3+ 6. bxc3 Qa5 7. Bd2 Qa4 8. Nf3 Nc6 9. Be3 Nge7 10. Bd3 Qa5 11. Qd2 c4 12. Be2 Bd7 13. a4 Nf5 14. g4 Nxe3 15. Qxe3 O-O-O 16. h4 f6 17. g5 fxe5 18.
Nxe5 Nxe5 19. dxe5 Bc6 20. O-O h6 21. g6 h5 22. f4 Rh6 23. Kh2 Rxg6 24. Rg1 Rxg1 25. Rxg1 Rd7 26. f5 exf5 27. e6 Qc7+ 28. Kh3 Re7 29.
Bxh5 d4 30. Qxd4 Rxe6 31. Rxg7 Re3+ 32. Qxe3 Qxg7 33. Bf3 Bd7 34. Qg5 Qxc3 35. Qf4 Bc6 36. Qxf5+ Bd7 0-1

[Event "*** Qualifier 4: Titled Tuesday 3|2 Blitz"]
[Site "Chess.com"]
[Date "2017.04.25"]
[Round "5"]
[White "Schemato"]
[Black "arna"]
[Result "1-0"]
[WhiteElo "2240"]
[BlackElo "2071"]
[TimeControl "180+2"]
[EndTime "14:02:30 PDT"]
[Termination "Schemato won on time"]

1. c4 e6 2. Nc3 Nf6 3. e4 c5 4. e5 Ng8 5. Nf3 Nc6 6. d4 cxd4 7. Nxd4 Nxe5 8. Ndb5 d6 9. c5 dxc5 10.
Bf4 f6 11. Bxe5 fxe5 12. Qh5+ g6 13. Qxe5 Nf6 14. Nc7+ Kf7 15. Nxa8 Bd6 16. Qe3 Bd7 17.
O-O-O Qe7 18. Qd2 Be5 19. f4 Bd4 20. Bb5 Rxa8 21. Bxd7 Qxd7 22. Ne2 Ne4 23. Qc2 Nf2 24. Nxd4 Nxd1 25. Nxe6 Qxe6 26. Rxd1 Rc8 27. Qd2 Rc7 28. a3 c4 29. Qd5 c3 30. b4 1-0

[Event "*** Qualifier 4: Titled Tuesday 3|2 Blitz"]
[Site "Chess.com"]
[Date "2017.04.25"]
[Round "5"]
[White "PowerThinking2650"]
[Black "Ar4uha"]
[Result "1-0"]
[WhiteElo "2315"]
[BlackElo "2452"]
[TimeControl "180+2"]
[EndTime "14:02:39 PDT"]
[Termination "PowerThinking2650 won by resignation"]

1. e4 d5 2. exd5 Nf6 3. d4 Nxd5 4. Nf3 g6 5. Be2 Bg7 6. O-O O-O 7. c3 Nc6 8. Nbd2 e5 9. dxe5 Nxe5 10. Nxe5 Bxe5 11.
Nf3 Bg7 12. Bc4 c6 13. Bxd5 Qxd5 14. Qxd5 cxd5 15. Be3 Be6 16. Nd4 a6 17. Rfe1 b5 18. a4 Bd7 19. axb5 axb5 20. h3 Ra4 21. b3 Raa8 22. Red1 Rfc8 23. Rxa8 Rxa8 24. Rc1 Rc8 25. g4 b4 26. c4 dxc4 27. bxc4 Ba4 28. c5 b3 29. Ra1 Rxc5 30. Rxa4 b2 31. Ra8+ Bf8 32. Bh6 b1=Q+ 33. Kh2 Rc8 34. Rxc8 Qb4 35. Rxf8+ Qxf8 36.
Bxf8 Kxf8 37. Kg3 1-0

[Event "*** Qualifier 4: Titled Tuesday 3|2 Blitz"]
[Site "Chess.com"]
[Date "2017.04.25"]
[Round "5"]
[White "Ibtihal24"]
[Black "Enzy63"]
[Result "0-1"]
[WhiteElo "1467"]
[BlackElo "2018"]
[TimeControl "180+2"]
[EndTime "14:02:40 PDT"]
[Termination "Enzy63 won by checkmate"]

1. d4 Nf6 2. Bf4 c5 3. c3 cxd4 4.
cxd4 d5 5. Nd2 Nc6 6. e3 a6 7. Bd3 e6 8. Ngf3 Be7 9. Qa4 O-O 10. O-O Bd7 11. Qb3 b5 12. Rac1 Na5 13. Qc2 Rc8 14. Qb1 Nc4 15. b3 Nxd2 16. Nxd2 Qa5 17. Nf3 Ba3 18. Rxc8 Rxc8 19. Ne5 h6 20. Qd1 Be8 21.
Bxh6 gxh6 22. Qf3 Ne4 23. Qg4+ Kf8 24. f3 Nf6 25. Qh4 Ng8 26. Bh7 Qd2 27. Bxg8 Qxe3+ 28. Kh1 Rc1 29. Bxf7 Rxf1# 0-1

[Event "*** Qualifier 4: Titled Tuesday 3|2 Blitz"]
[Site "Chess.com"]
[Date "2017.04.25"]
[Round "5"]
[White "gmcorrales"]
[Black "tigra"]
[Result "0-1"]
[WhiteElo "2598"]
[BlackElo "2606"]
[TimeControl "180+2"]
[EndTime "14:02:48 PDT"]
[Termination "tigra won on time"]

1. e4 e6 2. d4 d5 3. e5 c5 4. c3 Nc6 5. Nf3 Qb6 6. a3 f6 7. Be2 Bd7 8. O-O c4 9. Nbd2 fxe5 10.
Nxe5 Nxe5 11. dxe5 O-O-O 12. b4 cxb3 13. Nxb3 Ba4 14. Rb1 Ne7 15. Be3 Qc7 16. Bg4 Qxe5 17. Bd4 Qd6 18. Qe2 Nf5 19. Nc5 Bc6 20. Nxe6 Nxd4 21.
cxd4 Kb8 22. Nxd8 Qxd8 23. Rfc1 Ka8 24. Rxc6 bxc6 25. Qa6 Qc7 26. Bc8 Bb4 27. Be6 Bd6 28.
Rc1 Re8 29. g3 Rxe6 30. Rxc6 Qd7 31. Kg2 Rf6 32. a4 Be5 0-1

[Event "*** Qualifier 4: Titled Tuesday 3|2 Blitz"]
[Site "Chess.com"]
[Date "2017.04.25"]
[Round "5"]
[White "GrigorGrigorov"]
[Black "BogdanDeac"]
[Result "1-0"]
[WhiteElo "2507"]
[BlackElo "2553"]
[TimeControl "180+2"]
[EndTime "14:02:48 PDT"]
[Termination "GrigorGrigorov won by resignation"]

1. d4 Nf6 2. c4 e6 3. Nc3 Bb4 4. e3 c5 5. Ne2 d6 6. a3 Ba5 7. Bd2 O-O 8. g3 cxd4 9. exd4 d5 10. b4 Bc7 11. c5 e5 12. Bg2 Bg4 13. f3 Bf5 14. O-O Nc6 15. Bg5 a5 16. Bxf6 gxf6 17. f4 axb4 18. Nxd5 Be6 19. Nxc7 Qxc7 20. fxe5 fxe5 21.
d5 Rfd8 22. Qd2 Kh8 23. Qh6 Bxd5 24. Qf6+ Kg8 25. Bxd5 Rxd5 26. Rf5 Rad8 27. Raf1 bxa3 28. Qh6 R8d7 29. Rg5+ 1-0

[Event "*** Qualifier 4: Titled Tuesday 3|2 Blitz"]
[Site "Chess.com"]
[Date "2017.04.25"]
[Round "5"]
[White "r31415"]
[Black "poummba"]
[Result "0-1"]
[WhiteElo "2198"]
[BlackElo "2371"]
[TimeControl "180+2"]
[EndTime "14:02:50 PDT"]
[Termination "poummba won on time"]

1. e4 c6 2. d4 d5 3. f3 e5 4.
dxe5 Bc5 5. Ne2 Qb6 6. Nec3 Bf2+ 7. Ke2 Bg1 8. Qe1 Ne7 9. Na4 Qa6+ 10. Kd1 Qxa4 11. Bd3 Bd4 12. b3 Bxa1 13. bxa4 Bxe5 14. exd5 Nd7 15. f4 Bd6 16. dxc6 bxc6 17. Qh4 Nf6 18. Bb2 Ned5 19. Re1+ Kf8 20. g3 Rb8 21. Kc1 Be7 22. c4 Nb4 23. Bc2 Nxa2+ 24. Kd1 Rxb2 25. Qg5 Bg4+ 26. Kd2 Bb4+ 27. Kd3 Bxe1 28. Qe5 Nb4+ 29. Kd4 Bf2+ 0-1

[Event "*** Qualifier 4: Titled Tuesday 3|2 Blitz"]
[Site "Chess.com"]
[Date "2017.04.25"]
[Round "5"]
[White "Yaacovn"]
[Black "Zlatan56"]
[Result "0-1"]
[WhiteElo "2605"]
[BlackElo "2614"]
[TimeControl "180+2"]
[EndTime "14:02:51 PDT"]
[Termination "Zlatan56 won by resignation"]

1. d4 Nf6 2. Nf3 g6 3. e3 Bg7 4.
Be2 O-O 5. O-O c5 6. b3 cxd4 7. Nxd4 Nc6 8. Bb2 d5 9. Nxc6 bxc6 10. c4 Qc7 11. Nc3 Rd8 12. cxd5 cxd5 13. Nb5 Qb8 14. Nd4 Bd7 15. Rc1 Qb6 16. Nf3 a5 17. Bd4 Qb7 18. Ne5 Be8 19. Qc2 Rdc8 20. Qb2 Ne4 21. Nd3 Bxd4 22. Qxd4 Nf6 23. h3 Bb5 24. Rfd1 Bxd3 25. Bxd3 Qb4 26. Qe5 a4 27. bxa4 Rxc1 28. Rxc1 Qd2 29. Rc3 Qe1+ 30. Kh2 Qxf2 31. Qxe7 Qh4 32.
Qd6 Ng4+ 33. Kg1 Qf2+ 34. Kh1 Qe1+ 0-1

[Event "*** Qualifier 4: Titled Tuesday 3|2 Blitz"]
[Site "Chess.com"]
[Date "2017.04.25"]
[Round "5"]
[White "MorpheusPro"]
[Black "Ilja_Semjonovs"]
[Result "0-1"]
[WhiteElo "2038"]
[BlackElo "2245"]
[TimeControl "180+2"]
[EndTime "14:03:07 PDT"]
[Termination "Ilja_Semjonovs won by checkmate"]

1. e4 c5 2. Nf3 d6 3. Nc3 Nf6 4. Bc4 e6 5. d3 Nc6 6. Qe2 Be7 7.
O-O O-O 8. a3 a6 9. Ba2 b5 10. Bf4 Bb7 11. Rad1 Nd4 12. Nxd4 cxd4 13. Nb1 Rc8 14. Rc1 e5 15. Bg3 d5 16. exd5 Nxd5 17. Bxe5 Re8 18. Qg4 Bg5 19. Bxd4 h5 20. Qg3 Nf4 21.
Rfe1 Qxd4 22. Qxg5 Ne2+ 23. Rxe2 Rxe2 24. Qf5 Re7 25.
Nc3 Rc5 26. Qh3 Rg5 27. g3 g6 28. Qf1 Rf5 29. Re1 Rxe1 30. Qxe1 Kg7 31. Qe8 Qxf2# 0-1

[Event "*** Qualifier 4: Titled Tuesday 3|2 Blitz"]
[Site "Chess.com"]
[Date "2017.04.25"]
[Round "5"]
[White "SergeiAza"]
[Black "IIIlllII1llIl"]
[Result "1-0"]
[WhiteElo "2667"]
[BlackElo "2542"]
[TimeControl "180+2"]
[EndTime "14:03:15 PDT"]
[Termination "SergeiAza won by resignation"]

1. e4 e5 2. Nf3 Nc6 3. Bb5 Nf6 4.
O-O d6 5. Bxc6+ bxc6 6. d4 exd4 7.
Nxd4 Bd7 8. c4 Be7 9. Nc3 O-O 10.
h3 c5 11. Nde2 Bc6 12. Ng3 Nd7 13. Nd5 Bf6 14. Qc2 Rb8 15. Rb1 Bxd5 16. cxd5 Re8 17. Kh1 Bd4 18. b3 Nf6 19. f3 c6 20. dxc6 Rc8 21. Nf5 Be5 22. Bg5 h6 23. Bh4 Kf8 24.
f4 Bd4 25. Rbd1 Qb6 26. Nxd6 Qxc6 27. Nxc8 Nxe4 28. Ne7 Qe6 29. f5 Qe5 30. Rfe1 Ng3+ 31. Bxg3 Qxg3 32. Qe4 Qb8 33. Ng6+ fxg6 34. Qxe8+ Qxe8 35. Rxe8+ Kxe8 36. fxg6 Ke7 37. Rf1 Bf6 38. g3 Ke6 39.
Kg2 Kd5 40. Rxf6 1-0

[Event "*** Qualifier 4: Titled Tuesday 3|2 Blitz"]
[Site "Chess.com"]
[Date "2017.04.25"]
[Round "5"]
[White "Hikaru"]
[Black "severomorskij"]
[Result "0-1"]
[WhiteElo "2935"]
[BlackElo "2682"]
[TimeControl "180+2"]
[EndTime "14:03:17 PDT"]
[Termination "severomorskij won by resignation"]

1. c4 e5 2. Nc3 Bb4 3. g3 Bxc3 4.
bxc3 d6 5. Bg2 Ne7 6. f4 O-O 7. d4 Nbc6 8. e3 exf4 9. gxf4 Na5 10. Qd3 c6 11. Nf3 b6 12. Ng5 f5 13. c5 dxc5 14. O-O h6 15. Nf3 Be6 16. Rd1 Bd5 17. dxc5 bxc5 18. Ne5 Bxg2 19. Kxg2 Qxd3 20. Rxd3 Rfd8 21.
Ba3 Rxd3 22. Nxd3 Nd5 23. Bxc5 Nc4 24. Kf2 Nxc3 25. Bd4 Ne4+ 26. Ke2 Ncd6 27. Rg1 g5 28.
fxg5 hxg5 29. h4 g4 30. Be5 Nf7 31. Bf4 c5 32. Rc1 Rc8 33. Nb2 Nfd6 34. Be5 c4 35.
Na4 Kf7 36. Bd4 Kg6 37. Be5 Rc6 38. Bf4 Ra6 39. Bxd6 Rxa4 40. Be5 Rxa2+ 41. Ke1 g3 42. Rxc4 g2 43. Bh2 Ra1+ 44. Ke2 Rh1 45. Rc6+ Kh5 46. Bf4 0-1

[Event "*** Qualifier 4: Titled Tuesday 3|2 Blitz"]
[Site "Chess.com"]
[Date "2017.04.25"]
[Round "5"]
[White "EgorGeroev"]
[Black "Fandorine"]
[Result "0-1"]
[WhiteElo "2484"]
[BlackElo "2716"]
[TimeControl "180+2"]
[EndTime "14:03:23 PDT"]
[Termination "Fandorine won on time"]

1. e4 c6 2. d4 d5 3. e5 Bf5 4.
Nf3 e6 5. c3 c5 6. Bb5+ Nd7 7.
c4 Bxb1 8. Rxb1 a6 9. Ba4 dxc4 10. d5 exd5 11. O-O b5 12. Bc2 Nb6 13. Re1 Be7 14.
e6 fxe6 15. Rxe6 Nf6 16. Ne5 O-O 17. Nc6 Qd7 18. Nxe7+ Kh8 19. Bf5 Rae8 20. Bg5 Ne4 21. Qh5 Rxf5 22. Ng6+ Kg8 23. Rxe8+ Qxe8 24. Ne7+ Qxe7 25.
h4 Nxg5 26. hxg5 Rxg5 27. Qh2 Nd7 28. Qc7 Re5 29. Kf1 d4 30. a4 Nf8 31. Qc8 d3 32. Qg4 d2 0-1

[Event "*** Qualifier 4: Titled Tuesday 3|2 Blitz"]
[Site "Chess.com"]
[Date "2017.04.25"]
[Round "5"]
[White "GM_Huschenbeth"]
[Black "DryCounty"]
[Result "0-1"]
[WhiteElo "2327"]
[BlackElo "2492"]
[TimeControl "180+2"]
[EndTime "14:03:29 PDT"]
[Termination "DryCounty won by resignation"]

1. e4 e5 2. Nf3 Nc6 3. Bc4 Nf6 4.
d4 exd4 5. e5 d5 6. Bb5 Ne4 7.
Nxd4 Bd7 8. Bxc6 bxc6 9. O-O Bc5 10. f3 Ng5 11. Be3 Bb6 12. f4 Ne4 13. Nd2 Nxd2 14. Qxd2 c5 15. Nf3 d4 16. Bf2 O-O 17. a4 a6 18. a5 Ba7 19. b3 Bb5 20. Rfe1 Qd7 21. c4 dxc3 22. Qxc3 Qf5 23. Bxc5 Bxc5+ 24. Qxc5 Qxf4 25.
Nd4 Bd7 26. Rad1 Bg4 27. Rc1 Rad8 28. Nc6 Rd2 29. Ne7+ Kh8 30. Rf1 Qe4 31. Rf2 Rxf2 32. Kxf2 Re8 33. Nc6 Bd7 34. Nd4 Qf4+ 35. Kg1 Qe3+ 36.
Kh1 h6 37. h3 Rxe5 38. Qc4 Bxh3 39. Nf3 Rh5 40. Nh4 Rxh4 41. Qxh4 Qxc1+ 42. Kh2 Be6 0-1

[Event "*** Qualifier 4: Titled Tuesday 3|2 Blitz"]
[Site "Chess.com"]
[Date "2017.04.25"]
[Round "5"]
[White "Goala"]
[Black "feigelag"]
[Result "0-1"]
[WhiteElo "2350"]
[BlackElo "2305"]
[TimeControl "180+2"]
[EndTime "14:03:30 PDT"]
[Termination "feigelag won by checkmate"]

1. d4 Nf6 2. c4 e6 3. Nf3 d5 4. e3 Be7 5. Nc3 O-O 6. Qc2 b6 7. b3 Bb7 8. Bd3 Nbd7 9. Bb2 c5 10.
cxd5 exd5 11. O-O h6 12. Rfd1 Rc8 13. Bf5 Re8 14. Rac1 Qc7 15. Qe2 Rcd8 16. Bh3 Qb8 17. g3 Nf8 18. Na4 c4 19. bxc4 dxc4 20. Bg2 Qa8 21. Nh4 Bxg2 22. Nxg2 Ne6 23. f4 b5 24.
Nc3 b4 25. Nb1 c3 26. Ba1 a5 27. Ne1 Qe4 28. Nf3 Nd5 29. Re1 Bf6 30. Ne5 Nxd4 31. exd4 Qxd4+ 32. Kg2 Qxf4 33. gxf4 Nxf4+ 34. Kf3 Nxe2 35.
Rxe2 Rxe5 36. Rce1 Rxe2 37. Rxe2 Rd1 38. Nxc3 bxc3 39.
Bxc3 Bxc3 40. Rc2 Bf6 41. Rc8+ Kh7 42. Rc5 a4 43. Ra5 Rd4 44. Ke3 Rh4 45. Ra6 a3 46. Kf3 Rxh2 47. Rxa3 Rh3+ 48. Kg4 Rxa3 49. Kh5 Ra4 50.
a3 g6# 0-1

[Event "*** Qualifier 4: Titled Tuesday 3|2 Blitz"]
[Site "Chess.com"]
[Date "2017.04.25"]
[Round "5"]
[White "amaidel"]
[Black "SerGo055"]
[Result "1/2-1/2"]
[WhiteElo "2409"]
[BlackElo "2331"]
[TimeControl "180+2"]
[EndTime "14:03:31 PDT"]
[Termination "Game drawn by agreement"]

1. e4 d5 2. exd5 Nf6 3. Nf3 Qxd5 4. Nc3 Qd8 5. Bc4 Bf5 6. O-O e6 7. d4 c6 8. Bg5 Be7 9. Re1 O-O 10. Qe2 Nbd7 11.
Rad1 b5 12. Bb3 a5 13. a3 a4 14. Ba2 b4 15. axb4 Bxb4 16. Ne5 Qc7 17. g4 Nxe5 18. gxf5 Neg4 19. f3 exf5 20. fxg4 Nxg4 21. Qg2 h6 22. Bc1 a3 23. Bb3 Rfe8 24. Rf1 axb2 25. Bxb2 Ne3 26. Qf3 Nxd1 27. Nxd1 g6 28. Ne3 Bf8 29.
Nxf5 gxf5 30. Qxf5 Bg7 31. Bxf7+ Kh8 32. Bxe8 Rxe8 33. Qg6 Rg8 34. Kh1 Qb7 35. Ba1 c5+ 36.
Qg2 Qxg2+ 37. Kxg2 Bxd4+ 38. Kh3 Bxa1 39. Rxa1 Rg5 40.
Ra7 Kg8 41. Rc7 Kh8 42. Kh4 Kg8 43. h3 Kh8 44. Rd7 Kg8 45. Rc7 Kh8 1/2-1/2

[Event "*** Qualifier 4: Titled Tuesday 3|2 Blitz"]
[Site "Chess.com"]
[Date "2017.04.25"]
[Round "5"]
[White "WeiYi1999"]
[Black "ruvat"]
[Result "1-0"]
[WhiteElo "2073"]
[BlackElo "2225"]
[TimeControl "180+2"]
[EndTime "14:03:33 PDT"]
[Termination "WeiYi1999 won on time"]

1. e4 d6 2. d4 Nf6 3. Nc3 g6 4. h4 h5 5. Bg5 Bg7 6. Qd2 Nc6 7. O-O-O a6 8. Kb1 Nh7 9. Be3 e5 10. dxe5 Nxe5 11. f4 Ng4 12. Nf3 Nxe3 13. Qxe3 O-O 14. f5 b5 15. fxg6 fxg6 16. Qd3 Be6 17. Nd5 Nf6 18. Nd4 Bd7 19. Be2 c6 20. Nxf6+ Qxf6 21. c3 Rad8 22. Rhf1 Qxh4 23. Rxf8+ Bxf8 24. Nf3 Qf6 25. Qe3 a5 26. e5 dxe5 27. Ka1 Bf5 28. Rxd8 Qxd8 29. Nxe5 Qf6 30. Nf3 Bg7 31. Qa7 a4 32. a3 Be4 33. Qe3 Bd5 34. Bd3 Qe6 35. Qxe6+ Bxe6 36. Bxg6 Bg4 37. Nd4 Bxd4 38. cxd4 h4 39.
Be8 1-0